[Event "Djerba Festival Blitz 2025"]
[Site "Djerba"]
[Date "2025.02.21"]
[Round "9.43"]
[White "Chartier, Romain"]
[Black "Khider, Amilia"]
[Result "1/2-1/2"]
[Annotator "NA"]
[ECO "D02"]
[WhiteElo "1581"]
[BlackElo "1524"]
[PlyCount "89"]
[EventDate "2025.02.15"]
[EventType "swiss"]
[EventCountry "TUN"]
[SourceTitle "playchess.com"]
[Source "ChessBase"]
[SourceQuality "1"]
[TimeControl "180+3"]

1. d4 d5 2. Bf4 Nf6 3. e3 e6 4. Bd3 c5 5. c3 Nc6 6. Nf3 Bd6 7. Bxd6 Qxd6 8. O-O O-O 9. Nbd2 b6 10. Re1 Bb7 11. e4 Qc7 12. e5 Nd7 13. Nf1 Rfe8 14. Ng3 f6 15. exf6 Nxf6 16. Ne5 cxd4 17. cxd4 Nxd4 18. Bxh7+ Kxh7 19. Qxd4 Kg8 20. Rac1 Qe7 21. Ng6 Qf7 22. Ne5 Qe7 23. Rc3 Rac8 24. Rec1 Qd6 25. Rxc8 Rxc8 26. Rxc8+ Bxc8 27. f4 Qc5 28. Qxc5 bxc5 29. Kf2 Kf8 30. Ke3 a6 31. Kd3 Ke7 32. Kc3 Kd6 33. b4 cxb4+ 34. Kxb4 Bb7 35. a4 g5 36. Nf7+ Kc6 37. Nxg5 Kd6 38. Nf3 Ng4 39. Ne2 Ne3 40. g3 Nc2+ 41. Kc3 Ne3 42. Ned4 Nd1+ 43. Kb4 Ne3 44. Kc3 Nd1+ 45. Kb4 1/2-1/2

[Event "Djerba Festival Blitz 2025"]
[Site "Djerba"]
[Date "2025.02.21"]
[Round "9.45"]
[White "Doucet, Paul-Loup"]
[Black "Fengal, Zineddine"]
[Result "1-0"]
[Annotator "NA"]
[ECO "C01"]
[WhiteElo "1503"]
[BlackElo "1439"]
[PlyCount "73"]
[EventDate "2025.02.15"]
[EventType "swiss"]
[EventCountry "TUN"]
[SourceTitle "playchess.com"]
[Source "ChessBase"]
[SourceQuality "1"]
[TimeControl "180+3"]

1. e4 e6 2. d4 d5 3. exd5 exd5 4. Bd3 Bd6 5. Ne2 Nc6 6. c3 Nf6 7. Bf4 Be6 8. Nd2 O-O 9. Bxd6 Qxd6 10. Ng3 Rfe8 11. O-O Bg4 12. Qc2 h6 13. h3 Be6 14. Nf5 Qd7 15. Nf3 Ne7 16. Nxe7+ Rxe7 17. Ne5 Qd6 18. Qb3 b6 19. Rae1 c5 20. dxc5 bxc5 21. Qc2 Bxh3 22. Nxf7 Kxf7 23. gxh3 Kg8 24. Rxe7 Qxe7 25. Qd2 Re8 26. Bb5 Rb8 27. Bc6 Ne4 28. Qxd5+ Kh8 29. Qxe4 Qg5+ 30. Qg2 Rxb2 31. Qxg5 hxg5 32. Bd5 Kh7 33. Re1 Kg6 34. Kg2 Kf5 35. a4 Rc2 36. Be4+ Kf6 37. Bxc2 1-0